| TOP OF THE 1ST |
|
Chicago White Sox batting - Pitching for Oakland Athletics : LHP Gerald Tyler
|
|
Pitching: LHP Gerald Tyler
|
|
|
Batting: RHB Steve Henderson
|
0-0: Ball 1-0: Foul Ball, location: 2F 1-1: Swinging Strike 1-2: Strikes out swinging
|
|
Batting: SHB Ozzie Smith
|
0-0: Swinging Strike 0-1: Ground out 6-3 (Groundball, 6, EV 90.6 MPH)
|
|
Batting: SHB Dwayne Taggart
|
0-0: Called Strike 0-1: Swinging Strike 0-2: Ball 1-2: Ball 2-2: Foul Ball, location: 2F 2-2: Foul Ball, location: 2F 2-2: Ball 3-2: Base on Balls
|
|
Batting: LHB Mitchell Page
|
0-0: Foul Ball, location: 2F 0-1: SINGLE (Line Drive, 5D, EV 110.0 MPH) Dwayne Taggart to second Runner from 2nd tries for 3rd, OUT! 7-5
|
| Top of the 1st over - 0 runs, 1 hit, 0 errors, 1 left on base; Chicago 0 - Oakland 0 |
| BOTTOM OF THE 1ST |
|
Oakland Athletics batting - Pitching for Chicago White Sox : RHP Pete Vuckovich
|
|
Pitching: RHP Pete Vuckovich
|
|
|
Batting: SHB Mike Turgeon
|
0-0: Called Strike 0-1: Swinging Strike 0-2: Foul Ball, location: 2F 0-2: Ball 1-2: Strikes out swinging
|
|
Batting: LHB Ruppert Jones
|
0-0: Ball 1-0: Fly out, F8 (Flyball, 8LXD, EV 108.1 MPH)
|
|
Batting: RHB Dave Henderson
|
0-0: Ball 1-0: Foul Ball, location: 2F 1-1: Ball 2-1: Foul Ball, location: 2F 2-2: Fly out, F9 (Flyball, 9LM, EV 80.0 MPH)
|
| Bottom of the 1st over - 0 runs, 0 hits, 0 errors, 0 left on base; Chicago 0 - Oakland 0 |
| TOP OF THE 2ND |
|
Chicago White Sox batting - Pitching for Oakland Athletics : LHP Gerald Tyler
|
|
Batting: RHB Tim Teufel
|
0-0: Ball 1-0: Ball 2-0: Called Strike 2-1: Ball 3-1: Base on Balls
|
|
Batting: RHB Kevin McReynolds
|
0-0: Called Strike 0-1: Swinging Strike 0-2: Foul Ball, location: 2F 0-2: Strikes out swinging
|
|
Batting: LHB Ryan MacFarland
|
0-0: Ball 1-0: Called Strike 1-1: Foul Ball, location: 2F 1-2: SINGLE (Line Drive, 9S, EV 110.6 MPH) Tim Teufel to second
|
|
Batting: SHB Wayne Tolleson
|
0-0: Foul Ball, location: 2F 0-1: Fly out, F4 (Popup, 4M, EV 66.3 MPH)
|
|
Batting: RHB Brian Harper
|
0-0: Fly out, F7 (Flyball, 78M, EV 90.0 MPH)
|
| Top of the 2nd over - 0 runs, 1 hit, 0 errors, 2 left on base; Chicago 0 - Oakland 0 |
| BOTTOM OF THE 2ND |
|
Oakland Athletics batting - Pitching for Chicago White Sox : RHP Pete Vuckovich
|
|
Batting: LHB Reggie Jackson
|
0-0: Ground out U3 (Groundball, 3L, EV 90.0 MPH)
|
|
Batting: RHB George Hendrick
|
0-0: Called Strike 0-1: Ball 1-1: SINGLE (Line Drive, 89S, EV 113.8 MPH)
|
|
Batting: RHB Earl C Williams
|
0-0: Called Strike 0-1: Ball 1-1: Swinging Strike 1-2: Ball 2-2: Strikes out looking
|
|
Batting: LHB Ben Oglivie
|
0-0: Ball 1-0: Ball 2-0: SINGLE (Line Drive, 6MD, EV 103.1 MPH) George Hendrick to second Runner from 2nd tries for 3rd, SAFE, no throw by CF
|
|
Batting: SHB Chico Walker
|
0-0: Ball 1-0: Ball 2-0: Ball 3-0: Called Strike 3-1: Foul Ball, location: 2F 3-2: Ground out 4-3 (Groundball, 4, EV 82.5 MPH)
|
| Bottom of the 2nd over - 0 runs, 2 hits, 0 errors, 2 left on base; Chicago 0 - Oakland 0 |
| TOP OF THE 3RD |
|
Chicago White Sox batting - Pitching for Oakland Athletics : LHP Gerald Tyler
|
|
Batting: RHB Steve Henderson
|
0-0: Swinging Strike 0-1: Swinging Strike 0-2: Ball 1-2: Strikes out looking
|
|
Batting: SHB Ozzie Smith
|
0-0: Ball 1-0: Ball 2-0: Ball 3-0: Base on Balls
|
|
Batting: SHB Dwayne Taggart
|
0-0: Ball Ozzie Smith steals 2nd base 1-0: Ball 2-0: SINGLE (Groundball, 6D, EV 99.4 MPH) Ozzie Smith to third Runner from 3rd tries for Home, SAFE, throw by CF to home
|
|
Batting: LHB Mitchell Page
|
0-0: Ball 1-0: Ball 2-0: Called Strike 2-1: Called Strike 2-2: Reaches on Catchers interference Dwayne Taggart to second
|
|
Batting: RHB Tim Teufel
|
0-0: Called Strike 0-1: SINGLE (Groundball, 56S, EV 96.9 MPH) Dwayne Taggart to third Mitchell Page to second Runner from 3rd tries for Home, SAFE, throw by LF to home
|
|
Batting: RHB Kevin McReynolds
|
0-0: Ball 1-0: 3-RUN HOME RUN (Flyball, 7LD, EV 92.5 MPH), Distance : 362 ft
|
|
Batting: LHB Ryan MacFarland
|
0-0: Ball 1-0: Swinging Strike 1-1: Called Strike 1-2: Ball 2-2: Ball 3-2: Foul Ball, location: 2F 3-2: Foul Ball, location: 2F 3-2: Strikes out swinging
|
|
Batting: SHB Wayne Tolleson
|
0-0: Ball 1-0: Ball 2-0: Ball 3-0: Called Strike 3-1: SINGLE (Groundball, 6MD, EV 109.4 MPH)
|
|
Batting: RHB Brian Harper
|
0-0: Called Strike 0-1: Ball 1-1: Ball 2-1: Ball 3-1: Foul Ball, location: 2F 3-2: Fly out, F5 (Line Drive, 5, EV 75.0 MPH)
|
| Top of the 3rd over - 5 runs, 4 hits, 1 error, 1 left on base; Chicago 5 - Oakland 0 |
| BOTTOM OF THE 3RD |
|
Oakland Athletics batting - Pitching for Chicago White Sox : RHP Pete Vuckovich
|
|
Batting: RHB Fred Andrews
|
0-0: Ball 1-0: Ball 2-0: Ball 3-0: Base on Balls
|
|
Batting: SHB Mike Turgeon
|
0-0: Ball 1-0: Called Strike 1-1: Fly out, F7 (Flyball, 78D, EV 91.9 MPH) Runner from 1st tags up, SAFE at 2nd
|
|
Batting: LHB Ruppert Jones
|
0-0: Swinging Strike 0-1: Swinging Strike 0-2: Ball 1-2: Strikes out swinging
|
|
Batting: RHB Dave Henderson
|
0-0: Called Strike 0-1: Foul Ball, location: 2F 0-2: Ground out 6-3 (Groundball, 56, EV 86.9 MPH)
|
| Bottom of the 3rd over - 0 runs, 0 hits, 0 errors, 1 left on base; Chicago 5 - Oakland 0 |
| TOP OF THE 4TH |
|
Chicago White Sox batting - Pitching for Oakland Athletics : LHP Gerald Tyler
|
|
Batting: RHB Steve Henderson
|
0-0: Ground out 6-3 (Groundball, 56, EV 102.5 MPH)
|
|
Batting: SHB Ozzie Smith
|
0-0: Ball 1-0: SINGLE (Flyball, 89S, EV 91.9 MPH)
|
|
Batting: SHB Dwayne Taggart
|
0-0: Ball Ozzie Smith steals 2nd base (no throw) 1-0: Called Strike 1-1: Ball 2-1: Called Strike 2-2: Foul Ball, location: 2F 2-2: Strikes out swinging
|
|
Batting: LHB Mitchell Page
|
0-0: DOUBLE (Groundball, 3L, EV 111.3 MPH) Ozzie Smith scores
|
|
Pitching: RHP Neil Allen
|
|
|
Batting: RHB Tim Teufel
|
0-0: Fly out, F7 (Flyball, 78S, EV 81.3 MPH)
|
| Top of the 4th over - 1 run, 2 hits, 0 errors, 1 left on base; Chicago 6 - Oakland 0 |
| BOTTOM OF THE 4TH |
|
Oakland Athletics batting - Pitching for Chicago White Sox : RHP Pete Vuckovich
|
|
Batting: LHB Reggie Jackson
|
0-0: Called Strike 0-1: Ball 1-1: DOUBLE (Line Drive, 9LS, EV 90.0 MPH)
|
|
Batting: RHB George Hendrick
|
0-0: Fly out, F3 (Popup, 23F, EV 82.5 MPH)
|
|
Batting: RHB Earl C Williams
|
0-0: Fly out, F4 (Flyball, 34D, EV 95.0 MPH)
|
|
Batting: LHB Ben Oglivie
|
0-0: Called Strike 0-1: Ball 1-1: Foul Ball, location: 2F 1-2: SINGLE (Line Drive, 9S, EV 89.4 MPH) Reggie Jackson to third Runner from 3rd tries for Home, SAFE, throw by RF to home
|
|
Batting: SHB Chico Walker
|
0-0: Called Strike 0-1: Swinging Strike 0-2: Ball 1-2: SINGLE (Line Drive, 78S, EV 98.8 MPH) Ben Oglivie to second Runner from 2nd tries for 3rd, SAFE after rundown.
|
|
Batting: RHB Fred Andrews
|
0-0: Ball 1-0: SINGLE (Line Drive, 89S, EV 93.1 MPH) Ben Oglivie scores Chico Walker to second Runner from 2nd tries for 3rd, SAFE, throw by CF made to third
|
|
Batting: SHB Mike Turgeon
|
0-0: Foul Ball, location: 2F 0-1: Swinging Strike 0-2: Strikes out swinging
|
| Bottom of the 4th over - 2 runs, 4 hits, 0 errors, 2 left on base; Chicago 6 - Oakland 2 |
| TOP OF THE 5TH |
|
Chicago White Sox batting - Pitching for Oakland Athletics : RHP Neil Allen
|
|
Batting: RHB Kevin McReynolds
|
0-0: Foul Ball, location: 2F 0-1: Ball 1-1: Foul Ball, location: 2F 1-2: Ball 2-2: Ball 3-2: Base on Balls
|
|
Batting: LHB Ryan MacFarland
|
0-0: Ball 1-0: Swinging Strike 1-1: Fly out, F7 (Line Drive, 7, EV 100.6 MPH)
|
|
Batting: SHB Wayne Tolleson
|
0-0: Ball 1-0: Ground out 4-3 (Groundball, 34, EV 105.6 MPH) Kevin McReynolds to second
|
|
Batting: RHB Brian Harper
|
0-0: Swinging Strike 0-1: Swinging Strike 0-2: Ball 1-2: SINGLE (Line Drive, 89S, EV 110.6 MPH) Kevin McReynolds to third Runner from 3rd tries for Home, throw by RF and OUT! 9-2
|
| Top of the 5th over - 0 runs, 1 hit, 0 errors, 1 left on base; Chicago 6 - Oakland 2 |
| BOTTOM OF THE 5TH |
|
Oakland Athletics batting - Pitching for Chicago White Sox : RHP Pete Vuckovich
|
|
Batting: LHB Ruppert Jones
|
0-0: Called Strike 0-1: Ball 1-1: Ball 2-1: Fly out, F9 (Flyball, 89D, EV 97.5 MPH)
|
|
Batting: RHB Dave Henderson
|
0-0: Foul Ball, location: 2F 0-1: Ground out 6-3 (Groundball, 6, EV 106.9 MPH)
|
|
Batting: LHB Reggie Jackson
|
0-0: Called Strike 0-1: Ball 1-1: Fly out, F9 (Flyball, 9, EV 85.0 MPH)
|
| Bottom of the 5th over - 0 runs, 0 hits, 0 errors, 0 left on base; Chicago 6 - Oakland 2 |
| TOP OF THE 6TH |
|
Chicago White Sox batting - Pitching for Oakland Athletics : RHP Neil Allen
|
|
Batting: RHB Steve Henderson
|
0-0: Ball 1-0: Ball 2-0: Ball 3-0: Called Strike 3-1: Foul Ball, location: 2F 3-2: Foul Ball, location: 2F 3-2: Base on Balls
|
|
Batting: SHB Ozzie Smith
|
0-0: Ball Steve Henderson steals 2nd base 1-0: Ball 2-0: Ball 3-0: Called Strike 3-1: Base on Balls
|
|
Batting: SHB Dwayne Taggart
|
0-0: Ball 1-0: SINGLE (Groundball, 34D, EV 96.3 MPH) Steve Henderson to third Ozzie Smith to second Runner from 3rd tries for Home, SAFE, throw by RF to home
|
|
Batting: LHB Mitchell Page
|
0-0: Swinging Strike 0-1: Foul Ball, location: 2F 0-2: Ball 1-2: Foul Ball, location: 2F 1-2: Ball 2-2: Ball 3-2: Base on Balls Ozzie Smith to third Dwayne Taggart to second
|
|
Batting: RHB Tim Teufel
|
0-0: Ball 1-0: Ball 2-0: Called Strike 2-1: Swinging Strike 2-2: Ball 3-2: Foul Ball, location: 2F 3-2: SINGLE (Groundball, 4S, EV 63.8 MPH) (infield hit) Ozzie Smith scores Dwayne Taggart to third Mitchell Page to second
|
|
Batting: RHB Kevin McReynolds
|
0-0: Ball 1-0: Ball Passed Ball! Dwayne Taggart scores Mitchell Page to third Tim Teufel to second 2-0: Called Strike 2-1: Ball 3-1: SINGLE (Line Drive, 3D, EV 95.6 MPH) Mitchell Page scores Tim Teufel to third Runner from 3rd tries for Home, throw by RF and OUT! 9-2 Kevin McReynolds to second
|
|
Batting: LHB Ryan MacFarland
|
0-0: Foul Ball, location: 2F 0-1: Swinging Strike 0-2: Ball 1-2: Strikes out swinging
|
|
Batting: SHB Wayne Tolleson
|
0-0: Foul Ball, location: 2F 0-1: Ground out 4-3 (Groundball, 34, EV 108.8 MPH)
|
| Top of the 6th over - 4 runs, 3 hits, 0 errors, 1 left on base; Chicago 10 - Oakland 2 |
| BOTTOM OF THE 6TH |
|
Oakland Athletics batting - Pitching for Chicago White Sox : RHP Pete Vuckovich
|
|
Batting: RHB George Hendrick
|
0-0: Fly out, F8 (Flyball, 8RM, EV 93.8 MPH)
|
|
Batting: RHB Earl C Williams
|
0-0: SINGLE (Groundball, 6MD, EV 110.6 MPH) (infield hit)
|
|
Batting: LHB Ben Oglivie
|
0-0: Ball 1-0: Fly out, F9 (Line Drive, 9, EV 90.6 MPH)
|
|
Batting: SHB Chico Walker
|
0-0: Called Strike 0-1: Foul Ball, location: 2F 0-2: Strikes out swinging
|
| Bottom of the 6th over - 0 runs, 1 hit, 0 errors, 1 left on base; Chicago 10 - Oakland 2 |
| TOP OF THE 7TH |
|
Chicago White Sox batting - Pitching for Oakland Athletics : RHP Neil Allen
|
|
Batting: RHB Brian Harper
|
0-0: Swinging Strike 0-1: Fly out, F9 (Flyball, 89S, EV 92.5 MPH)
|
|
Pinch Hitting: RHB Bob Bailey
|
0-0: Ball 1-0: Ball 2-0: Ball 3-0: Base on Balls
|
|
Pitching: LHP Bob Knepper
|
|
|
Batting: SHB Ozzie Smith
|
0-0: Ball 1-0: Ball 2-0: Ball 3-0: Called Strike 3-1: Called Strike 3-2: Fly out, F8 (Flyball, 8RM, EV 85.0 MPH)
|
|
Batting: SHB Dwayne Taggart
|
0-0: Ball 1-0: Ball 2-0: Ball 3-0: Base on Balls Bob Bailey to second
|
|
Batting: LHB Mitchell Page
|
0-0: Called Strike 0-1: Swinging Strike 0-2: Strikes out looking
|
| Top of the 7th over - 0 runs, 0 hits, 0 errors, 2 left on base; Chicago 10 - Oakland 2 |
| BOTTOM OF THE 7TH |
|
Oakland Athletics batting - Pitching for Chicago White Sox : RHP Pete Vuckovich
|
|
Now in LF: Bob Bailey
|
|
|
Batting: RHB Fred Andrews
|
0-0: Called Strike 0-1: Foul Ball, location: 2F 0-2: Ball 1-2: Ball 2-2: Foul Ball, location: 2F 2-2: Strikes out swinging
|
|
Batting: SHB Mike Turgeon
|
0-0: Called Strike 0-1: Ball 1-1: Ball 2-1: SINGLE (Groundball, 6S, EV 71.9 MPH) (infield hit)
|
|
Batting: LHB Ruppert Jones
|
0-0: Called Strike 0-1: Ball 1-1: Foul Ball, location: 2F 1-2: Ball 2-2: SINGLE (Flyball, 89S, EV 95.0 MPH) Mike Turgeon to second
|
|
Batting: RHB Dave Henderson
|
0-0: Ball 1-0: Swinging Strike 1-1: SINGLE (Groundball, 6MD, EV 96.9 MPH) Mike Turgeon to third Ruppert Jones to second Runner from 3rd tries for Home, SAFE, throw by CF to home
|
|
Batting: LHB Reggie Jackson
|
0-0: Foul Ball, location: 2F 0-1: Swinging Strike 0-2: Ball 1-2: Strikes out swinging
|
|
Batting: RHB George Hendrick
|
0-0: Ball 1-0: Foul Ball, location: 2F 1-1: Swinging Strike 1-2: Strikes out swinging
|
| Bottom of the 7th over - 1 run, 3 hits, 0 errors, 2 left on base; Chicago 10 - Oakland 3 |
| TOP OF THE 8TH |
|
Chicago White Sox batting - Pitching for Oakland Athletics : LHP Bob Knepper
|
|
Batting: RHB Tim Teufel
|
0-0: Ball 1-0: Foul Ball, location: 2F 1-1: Called Strike 1-2: Ball 2-2: Ball 3-2: Foul Ball, location: 2F 3-2: Foul Ball, location: 2F 3-2: Foul Ball, location: 2F 3-2: Fly out, F7 (Flyball, 7D, EV 90.6 MPH)
|
|
Batting: RHB Kevin McReynolds
|
0-0: Ball 1-0: Ball 2-0: Called Strike 2-1: Swinging Strike 2-2: Strikes out looking
|
|
Batting: LHB Ryan MacFarland
|
0-0: Ball 1-0: Ball 2-0: Ball 3-0: Called Strike 3-1: Base on Balls
|
|
Batting: SHB Wayne Tolleson
|
0-0: Ball 1-0: Ball 2-0: Ball 3-0: Called Strike 3-1: Swinging Strike 3-2: Strikes out swinging
|
| Top of the 8th over - 0 runs, 0 hits, 0 errors, 1 left on base; Chicago 10 - Oakland 3 |
| BOTTOM OF THE 8TH |
|
Oakland Athletics batting - Pitching for Chicago White Sox : RHP Pete Vuckovich
|
|
Batting: RHB Earl C Williams
|
0-0: Ball 1-0: Foul Ball, location: 2F 1-1: Ball 2-1: Called Strike 2-2: Ball 3-2: Fly out, F9 (Flyball, 9LM, EV 103.8 MPH)
|
|
Batting: LHB Ben Oglivie
|
0-0: SINGLE (Groundball, 25, EV 69.4 MPH) (infield hit)
|
|
Batting: SHB Chico Walker
|
0-0: Ball 1-0: Foul Ball, location: 2F 1-1: Swinging Strike 1-2: Ball 2-2: Strikes out looking
|
|
Batting: RHB Fred Andrews
|
0-0: Foul Ball, location: 2F 0-1: Swinging Strike 0-2: Strikes out swinging
|
| Bottom of the 8th over - 0 runs, 1 hit, 0 errors, 1 left on base; Chicago 10 - Oakland 3 |
| TOP OF THE 9TH |
|
Chicago White Sox batting - Pitching for Oakland Athletics : LHP Bob Knepper
|
|
Batting: RHB Brian Harper
|
0-0: Called Strike 0-1: SINGLE (Line Drive, 9S, EV 96.9 MPH)
|
|
Batting: RHB Bob Bailey
|
0-0: Called Strike 0-1: Ball 1-1: Ball 2-1: Swinging Strike 2-2: Foul Ball, location: 2F 2-2: Ball 3-2: Foul Ball, location: 2F 3-2: Strikes out looking Brian Harper steals 2nd base Batter strikes out.
|
|
Pitching: LHP Dave Dravecky
|
|
|
Batting: SHB Ozzie Smith
|
0-0: Foul Ball, location: 2F 0-1: Ball 1-1: Ball 2-1: Swinging Strike 2-2: Foul Ball, location: 2F 2-2: Foul Ball, location: 2F 2-2: Foul Ball, location: 2F 2-2: Ball 3-2: Base on Balls
|
|
Batting: SHB Dwayne Taggart
|
0-0: Ball 1-0: Ball 2-0: Fly out, F7 (Flyball, 7LS, EV 96.9 MPH)
|
|
Pinch Hitting: RHB Mike A Marshall
|
0-0: Fly out, F4 (Flyball, 34D, EV 85.0 MPH)
|
| Top of the 9th over - 0 runs, 1 hit, 0 errors, 2 left on base; Chicago 10 - Oakland 3 |
| BOTTOM OF THE 9TH |
|
Oakland Athletics batting - Pitching for Chicago White Sox : RHP Pete Vuckovich
|
|
Pitching: RHP Dave Stewart
|
|
|
Now in CF: Mike A Marshall
|
|
|
Batting: SHB Mike Turgeon
|
0-0: Called Strike 0-1: Foul Ball, location: 2F 0-2: Ball 1-2: Ball 2-2: SOLO HOME RUN (Flyball, 8RXD, EV 95.0 MPH), Distance : 453 ft
|
|
Batting: LHB Ruppert Jones
|
0-0: Called Strike 0-1: Ball 1-1: Foul Ball, location: 2F 1-2: SINGLE (Line Drive, 8RS, EV 88.1 MPH)
|
|
Batting: RHB Dave Henderson
|
0-0: Ball 1-0: Swinging Strike Passed Ball! Ruppert Jones to second 1-1: Foul Ball, location: 2F 1-2: Strikes out swinging
|
|
Batting: LHB Reggie Jackson
|
0-0: Called Strike 0-1: Called Strike 0-2: Ball 1-2: Strikes out swinging
|
|
Batting: RHB George Hendrick
|
0-0: Ball 1-0: Foul Ball, location: 2F 1-1: Foul Ball, location: 2F 1-2: Ball 2-2: Ball 3-2: Base on Balls
|
|
Batting: RHB Earl C Williams
|
0-0: Ball 1-0: Ball 2-0: Swinging Strike 2-1: Ball 3-1: Base on Balls Ruppert Jones to third George Hendrick to second
|
|
Batting: LHB Ben Oglivie
|
0-0: Foul Ball, location: 2F 0-1: Ball 1-1: Swinging Strike 1-2: Ball 2-2: Ball 3-2: Ground out 4-3 (Groundball, 4, EV 86.9 MPH)
|
| Bottom of the 9th over - 1 run, 2 hits, 0 errors, 3 left on base; Chicago 10 - Oakland 4 |
|